AoeStats
← akris_mejo

Four Lakes

510067044Analyzed
1v1 RM · 4d ago on Sep 29, 2026· 52m 16s· 2 players
Game mode
Random Map
Map size
Tiny (2 player)
Population
200
Speed
Normal
Resources
Standard
Victory
Conquest
Starting age
Dark Age
Ending age
Imperial Age
RankedLock teamsTeams togetherTeam positionsShared explorationLock speedFull tech treeHidden civsTurbo modeCheats
Victory
Defeat
🇨🇿 Khmer · Czechia
729
+13
🇪🇸 Khitans · Spain
669
-13
akris_mejo
4:04 Loom
11:04 Feudal Age
20:20 Castle Age
25:44 Gold Mining
25:42 Double-Bit Axe
26:43 Elite Skirmisher
35:59 Lamellar Armor
36:24 Forging
36:14 Scale Mail Armor
36:15 Padded Archer Armor
36:05 Fletching
42:49 Imperial Age
44:09 Capped Ram
45:00 Elite Liao Dao
45:12 Siege Ram
looved
9:24 Feudal Age
10:43 Man-at-Arms
15:05 Arson
17:09 Padded Archer Armor
16:59 Fletching
18:27 Gold Mining
22:26 Castle Age
23:16 Wheelbarrow
22:27 Loom
22:32 Crossbowman
23:10 Bodkin Arrow
28:38 Double-Bit Axe
31:38 Imperial Age
30:02 Bow Saw
29:37 Horse Collar
32:07 Ballistics
32:14 Leather Archer Armor
33:30 Bracer
34:01 Ring Archer Armor
34:25 Gold Shaft Mining
34:59 Hand Cart
35:10 Heavy Plow
35:36 Forging
35:29 Scale Mail Armor
35:50 Scale Barding Armor
39:57 Devotion
40:19 Arbalester
41:57 Stone Mining
42:34 Light Cavalry
43:25 Bloodlines
45:20 Hussar
46:01 Husbandry
47:12 Iron Casting
46:19 Elite Ballista Elephant
47:03 Tusk Swords
47:37 Conscription
Connection lost

Rejoining the realm…

Still unreachable

The connection could not be restored.

Session expired

The server has moved on; the page needs a fresh start.